 Dungeon Crawl Stone Soup version 0.30.0-19-g36f170ea60 (webtiles) character file.

Game seed: 7070059334508853301

124 Josd the Cudgeller (level 4, 0/41 HPs)
             Began as a Minotaur Monk on May 29, 2023.
             Was a Believer of Cheibriados.
             Slain by Duvessa
             ... wielding a +2 short sword of electrocution
              (10 damage)
             ... on level 4 of the Dungeon.
             The game lasted 00:09:18 (2517 turns).

Josd the Cudgeller (Minotaur Monk)                  Turns: 2517, Time: 00:09:19

Health: 0/41       AC:  2    Str: 22    XL:     4   Next: 81%
Magic:  3/3        EV: 14    Int: 11    God:    Cheibriados [**....]
Gold:   83         SH:  0    Dex: 16    Spells: 3/3 levels left

rFire   . . .        a - +0 mace
rCold   . . .        d - orb {light}
rNeg    . . .        b - +0 robe
rPois   .            (helmet restricted)
rElec   .            (no cloak)
rCorr   .            (no gloves)
SInv    .            (no boots)
Will    +....        u - amulet of magic regeneration
Stlth   +            r - ring of willpower
HPRegen 0.26/turn    (no ring)
MPRegen 0.48/turn

%: no passive effects
@: glowing, very slow
A: horns 2, retaliatory headbutt
a: Renounce Religion, Bend Time


You were on level 4 of the Dungeon.
You worshipped Cheibriados.
Cheibriados was pleased with you.
You visited 1 branch of the dungeon, and saw 4 of its levels.

You collected 83 gold pieces.

Inventory:

Hand Weapons
 a - a +0 mace (weapon)
 k - a +1 dagger of venom
Missiles
 p - 6 poisoned darts (quivered)
 s - 6 boomerangs
Armour
 b - a +0 robe (worn)
 d - an orb of light (worn)
Jewellery
 r - a ring of willpower (left hand)
 u - an amulet of magic regeneration (around neck)
Scrolls
 e - 3 scrolls of identify {unknown}
 f - a scroll of teleportation {unknown}
 g - 3 scrolls of enchant armour {unknown}
 j - a scroll of enchant weapon {unknown}
 n - a scroll of poison {unknown}
 o - a scroll of amnesia {unknown}
Potions
 c - a potion of ambrosia
 h - a potion of resistance {unknown}
 i - a potion of flight {unknown}
 l - a potion of curing {unknown}
 m - a potion of mutation {unknown}
 q - a potion of invisibility {unknown}
 t - a potion of brilliance {unknown}
 v - a potion of degeneration {unknown}


   Skills:
 + Level 4.7 Fighting
 + Level 5.0 Maces & Flails
 + Level 4.4 Dodging


You had 3 spell levels left.
You didn't know any spells.
Your spell library contained the following spells:

 Spells                   Type           Power      Damage    Failure   Level
 Sublimation of Blood     Necr           0%         N/A       47%         2
 Wereblood                Tmut           0%         N/A       47%         2
 Summon Hydra             Summ           0%         N/A       100%        7


Dungeon Overview and Level Annotations

Branches:
Dungeon (4/15)
 Temple: D:4-7

Altars:
Cheibriados

Shops:
D:3 !

Annotations:
D:4 Dowan, Duvessa


Innate Abilities, Weirdness & Mutations

You have a pair of horns on your head.
You reflexively headbutt those who attack you in melee.


Message History

No target in view!
There is a stone staircase leading down here.
You can't go up here!
You start resting.
HP restored.
You start waiting.
Done waiting.
You climb downwards.
Level annotation: Dowan, Duvessa Duvessa barely misses you.
Duvessa misses you.
There is a stone staircase leading up, spattered with blood here.
You sock Duvessa! You headbutt Duvessa, but do no damage.
Duvessa is moderately wounded.
Duvessa says, "When magic and the sword combine, nothing stands against them."
Duvessa hits you with a +2 short sword of electrocution!
You sock Duvessa!
Duvessa is heavily wounded.
Duvessa hits you with a +2 short sword of electrocution.
You hit Duvessa. You headbutt Duvessa, but do no damage.
Duvessa is severely wounded.
Duvessa hits you with a +2 short sword of electrocution!
Duvessa hits you with a +2 short sword of electrocution!
* * * LOW HITPOINT WARNING * * *
You climb upwards.
There is a stone staircase leading down here.
You start resting.
HP restored.
There is a stone staircase leading down here.
You can't go up here!
You climb downwards.
Level annotation: Dowan, Duvessa Dowan casts a spell.
Dowan blinks!
Duvessa closely misses you.
Duvessa hits you with a +2 short sword of electrocution!
You are electrocuted!!
* * * LOW HITPOINT WARNING * * *
There is a stone staircase leading up, spattered with blood here.
You can't go down here!
Duvessa hits you with a +2 short sword of electrocution!
You die...

.⌠8...
......
.⌠8...
......#####
..........#
..........#
..........#
...>..e@..#
..........#
..........#
######+#....
.....
..[....
.......
.....§.


You could see Duvessa.

Vanquished Creatures
  Robin (D:2)
  3 adders
  2 worms
  A dart slug (D:3)
  An orc (D:3)
  2 endoplasms (D:1)
  4 giant cockroaches
  11 goblins
  13 hobgoblins
  7 jackals (D:1)
  4 kobolds
  2 quokkas
  3 ball pythons (D:1)
  6 bats
  4 frilled lizards
  8 rats
72 creatures vanquished.

Notes
Turn   | Place    | Note
-------+----------+-------------------------------------------
     0 | D:1      | Josd the Minotaur Monk began the quest for the Orb.
     0 | D:1      | Reached XP level 1. HP: 19/19 MP: 0/0
   229 | D:1      | Reached XP level 2. HP: 27/27 MP: 1/1
   354 | D:1      | Reached skill level 4 in Maces & Flails
   510 | D:1      | Reached XP level 3. HP: 31/33 MP: 2/2
  1210 | D:2      | Reached XP level 4. HP: 40/41 MP: 3/3
  1354 | D:2      | Noticed Robin
  1392 | D:2      | Killed Robin
  1697 | D:3      | Found Xagacku's Distillery.
  1859 | D:3      | Found a snail-covered altar of Cheibriados.
  1874 | D:3      | Became a worshipper of Cheibriados the Contemplative
  1874 | D:3      | Reached * piety under Cheibriados
  1874 | D:3      | Reached ** piety under Cheibriados
  2032 | D:3      | Reached skill level 5 in Maces & Flails
  2245 | D:4      | Noticed Duvessa
  2245 | D:4      | Noticed Dowan
  2517 | D:4      | Slain by Duvessa

Illustrated notes

Levels and vault maps discovered:
D:1:      dpeg_arrival_arbitrary_a, layout_basic, minmay_misc_feat_cross
D:2:      layout_rooms, uniq_robin
D:3:      layout_rooms, mainiacjoe_overflow_chevrons, serial_shops,
          nicolae_shop_window_shopping, kennysheep_cross_room
D:4:      layout_gridville, lemuel_mausoleum_altar_kikubaaqudgha,
          minmay_temple_entry_drinking_statues, uniq_duvessa

Skill      XL: |  1  2  3  4 |
---------------+-------------+-----
Maces & Flails | 4 5 |  5.0
Fighting       | 4 |  4.7
Dodging        | 4 |  4.4

Action                     |  1- 3 |  4- 6 || total
---------------------------+-------+-------++-------
  Melee: Mace              |    76 |    46 ||   122
         Headbutt          |    12 |     9 ||    21
  Throw: Dart              |       |     1 ||     1
    Use: Scroll            |       |     1 ||     1
 Armour: Robe              |    17 |     3 ||    20
  Dodge: Dodged            |    80 |    38 ||   118
